| TOP OF THE 1ST |
|
Bowling Green Hot Rods batting - Pitching for Burlington Bees : RHP Jon Trujillo
|
|
Pitching: RHP Jon Trujillo
|
|
|
Batting: LHB Sean Banks
|
0-0: Ball 1-0: Ground out 4-3 (Groundball, 4D, EV 83.1 MPH)
|
|
Batting: SHB Luis Verduzco
|
0-0: Foul Ball, location: 2F 0-1: Ground out U3 (Groundball, 3, EV 86.2 MPH)
|
|
Batting: RHB Dermott Kennelly
|
0-0: Hit by Pitch
|
|
Batting: RHB John Downing
|
0-0: Foul Ball, location: 2F 0-1: Called Strike 0-2: Ball 1-2: Foul Ball, location: 2F 1-2: Ground out 1-3 (Groundball, 13S, EV 68.8 MPH)
|
| Top of the 1st over - 0 runs, 0 hits, 0 errors, 1 left on base; Bowling Green 0 - Burlington 0 |
| BOTTOM OF THE 1ST |
|
Burlington Bees batting - Pitching for Bowling Green Hot Rods : LHP Eduardo Lopez
|
|
Pitching: LHP Eduardo Lopez
|
|
|
Batting: RHB Ivan Barrientos
|
0-0: Called Strike 0-1: Ball 1-1: Foul Ball, location: 2F 1-2: Strikes out swinging
|
|
Batting: RHB Scott Webb
|
0-0: Ball 1-0: Foul Ball, location: 2F 1-1: Called Strike 1-2: Strikes out swinging
|
|
Batting: LHB Pavla Markianov
|
0-0: Called Strike 0-1: Swinging Strike 0-2: Ball 1-2: Ball 2-2: Strikes out swinging
|
| Bottom of the 1st over - 0 runs, 0 hits, 0 errors, 0 left on base; Bowling Green 0 - Burlington 0 |
| TOP OF THE 2ND |
|
Bowling Green Hot Rods batting - Pitching for Burlington Bees : RHP Jon Trujillo
|
|
Batting: RHB Tim Dower
|
0-0: Called Strike 0-1: Ball 1-1: Ground out 6-3 (Groundball, 6, EV 83.1 MPH)
|
|
Batting: RHB Jim Erdody
|
0-0: Ball 1-0: Swinging Strike 1-1: Ball 2-1: SINGLE (Groundball, 56D, EV 99.4 MPH)
|
|
Batting: LHB Angel Ruvalcaba
|
0-0: Foul Ball, location: 2F 0-1: Ball 1-1: Called Strike 1-2: Ball 2-2: Strikes out swinging
|
|
Batting: RHB Dave Valdez
|
0-0: Ball 1-0: Fly out, F7 (Flyball, 78M, EV 93.8 MPH)
|
| Top of the 2nd over - 0 runs, 1 hit, 0 errors, 1 left on base; Bowling Green 0 - Burlington 0 |
| BOTTOM OF THE 2ND |
|
Burlington Bees batting - Pitching for Bowling Green Hot Rods : LHP Eduardo Lopez
|
|
Batting: SHB Danny Gelinas
|
0-0: Ball 1-0: Swinging Strike 1-1: Ball 2-1: Ball 3-1: Base on Balls
|
|
Batting: LHB Ramon Garduno
|
0-0: Foul Ball, location: 2F 0-1: Ball 1-1: Ball Pickoff Throw to First - Out! 1-3 CS 2-1: Swinging Strike 2-2: Foul Ball, location: 2F 2-2: Fly out, F8 (Flyball, 8LD, EV 96.2 MPH)
|
|
Batting: RHB Peter Westover
|
0-0: Called Strike 0-1: Ball 1-1: Called Strike 1-2: Foul Ball, location: 2F 1-2: SOLO HOME RUN (Flyball, 7D, EV 99.4 MPH), Distance : 368 ft
|
|
Batting: SHB David Vigo
|
0-0: Ball 1-0: Ball 2-0: Foul Ball, location: 2F 2-1: Ball 3-1: Base on Balls
|
|
Batting: RHB Dan Myers
|
0-0: Foul Ball, location: 2F 0-1: Called Strike David Vigo steals 2nd base 0-2: Ball 1-2: Fly out, F7 (Flyball, 78M, EV 86.9 MPH)
|
| Bottom of the 2nd over - 1 run, 1 hit, 0 errors, 1 left on base; Bowling Green 0 - Burlington 1 |
| TOP OF THE 3RD |
|
Bowling Green Hot Rods batting - Pitching for Burlington Bees : RHP Jon Trujillo
|
|
Batting: LHB Eduardo Lopez
|
0-0: Ball 1-0: Foul Ball, location: 2F 1-1: Called Strike 1-2: Strikes out swinging
|
|
Batting: LHB Sean Banks
|
0-0: Ball 1-0: Ground out 4-3 (Groundball, 4, EV 97.5 MPH)
|
|
Batting: SHB Luis Verduzco
|
0-0: Ball 1-0: Fly out, F8 (Flyball, 89M, EV 76.9 MPH)
|
| Top of the 3rd over - 0 runs, 0 hits, 0 errors, 0 left on base; Bowling Green 0 - Burlington 1 |
| BOTTOM OF THE 3RD |
|
Burlington Bees batting - Pitching for Bowling Green Hot Rods : LHP Eduardo Lopez
|
|
Batting: RHB Rory Cobb
|
0-0: Called Strike 0-1: Ball 1-1: Ball 2-1: Foul Ball, location: 2F 2-2: Ball 3-2: Base on Balls
|
|
Batting: RHB Ivan Barrientos
|
0-0: Fly out, F4 (Line Drive, 4, EV 66.9 MPH)
|
|
Batting: RHB Scott Webb
|
0-0: Ball 1-0: Hit by Pitch Rory Cobb to second
|
|
Batting: LHB Pavla Markianov
|
0-0: Called Strike 0-1: SINGLE (Groundball, 4MD, EV 104.4 MPH) Rory Cobb to third Scott Webb to second Runner from 3rd tries for Home, SAFE, throw by CF to home
|
|
Batting: SHB Danny Gelinas
|
0-0: Foul Ball, location: 2F 0-1: Ball 1-1: Ball 2-1: Ball 3-1: Fly out, F8 (Flyball, 8LD, EV 96.2 MPH)
|
|
Batting: LHB Ramon Garduno
|
0-0: Called Strike 0-1: Foul Ball, location: 2F 0-2: Ground out 4-3 (Groundball, 4, EV 81.2 MPH)
|
| Bottom of the 3rd over - 1 run, 1 hit, 0 errors, 2 left on base; Bowling Green 0 - Burlington 2 |
| TOP OF THE 4TH |
|
Bowling Green Hot Rods batting - Pitching for Burlington Bees : RHP Jon Trujillo
|
|
Batting: RHB Dermott Kennelly
|
0-0: Called Strike 0-1: Swinging Strike 0-2: Ball 1-2: Ball 2-2: Strikes out looking
|
|
Batting: RHB John Downing
|
0-0: Ball 1-0: Ball 2-0: Ball 3-0: Base on Balls
|
|
Batting: RHB Tim Dower
|
0-0: Called Strike 0-1: Ball 1-1: Ball 2-1: Grounds into double play, 4-6-3 (Groundball, 34, EV 85.0 MPH)
|
| Top of the 4th over - 0 runs, 0 hits, 0 errors, 0 left on base; Bowling Green 0 - Burlington 2 |
| BOTTOM OF THE 4TH |
|
Burlington Bees batting - Pitching for Bowling Green Hot Rods : LHP Eduardo Lopez
|
|
Batting: RHB Peter Westover
|
0-0: Ball 1-0: Called Strike 1-1: Called Strike 1-2: Strikes out swinging
|
|
Batting: SHB David Vigo
|
0-0: Foul Ball, location: 2F 0-1: Ball 1-1: Ball 2-1: Called Strike 2-2: Ground out 5-3 (Groundball, 56, EV 103.1 MPH)
|
|
Batting: RHB Dan Myers
|
0-0: Foul Ball, location: 2F 0-1: Ground out 4-3 (Groundball, 4, EV 95.0 MPH)
|
| Bottom of the 4th over - 0 runs, 0 hits, 0 errors, 0 left on base; Bowling Green 0 - Burlington 2 |
| TOP OF THE 5TH |
|
Bowling Green Hot Rods batting - Pitching for Burlington Bees : RHP Jon Trujillo
|
|
Batting: RHB Jim Erdody
|
0-0: Ball 1-0: Ball 2-0: Ball 3-0: Called Strike 3-1: SINGLE (Groundball, 15, EV 87.5 MPH) (infield hit)
|
|
Batting: LHB Angel Ruvalcaba
|
0-0: Ball 1-0: Fielders Choice at 2nd, 1-4 (Groundball, 15S, EV 65.6 MPH)
|
|
Batting: RHB Dave Valdez
|
0-0: Ball Angel Ruvalcaba is caught stealing 2nd base 2-4 1-0: Swinging Strike 1-1: Ball 2-1: Called Strike 2-2: Strikes out looking
|
| Top of the 5th over - 0 runs, 1 hit, 0 errors, 0 left on base; Bowling Green 0 - Burlington 2 |
| BOTTOM OF THE 5TH |
|
Burlington Bees batting - Pitching for Bowling Green Hot Rods : LHP Eduardo Lopez
|
|
Batting: RHB Rory Cobb
|
0-0: Ball 1-0: Swinging Strike 1-1: Ball 2-1: Ball 3-1: Ground out 3-1 (Groundball, 34, EV 105.6 MPH)
|
|
Batting: RHB Ivan Barrientos
|
0-0: SOLO HOME RUN (Flyball, 7LD, EV 95.0 MPH), Distance : 351 ft
|
|
Batting: RHB Scott Webb
|
0-0: Called Strike 0-1: Called Strike 0-2: Foul Ball, location: 2F 0-2: Foul Ball, location: 2F 0-2: Ball 1-2: SINGLE (Groundball, 56D, EV 109.4 MPH)
|
|
Batting: LHB Pavla Markianov
|
0-0: Fly out, F7 (Flyball, 78D, EV 93.1 MPH)
|
|
Batting: SHB Danny Gelinas
|
0-0: Called Strike Scott Webb steals 2nd base 0-1: Ball 1-1: Ball 2-1: Swinging Strike 2-2: Ball 3-2: Base on Balls
|
|
Batting: LHB Ramon Garduno
|
0-0: Called Strike 0-1: Ground out U3 (Groundball, 34, EV 107.5 MPH)
|
| Bottom of the 5th over - 1 run, 2 hits, 0 errors, 2 left on base; Bowling Green 0 - Burlington 3 |
| TOP OF THE 6TH |
|
Bowling Green Hot Rods batting - Pitching for Burlington Bees : RHP Jon Trujillo
|
|
Batting: LHB Eduardo Lopez
|
0-0: Ball 1-0: Called Strike 1-1: Called Strike 1-2: Strikes out swinging
|
|
Batting: LHB Sean Banks
|
0-0: Ground out U3 (Groundball, 3, EV 87.5 MPH)
|
|
Batting: SHB Luis Verduzco
|
0-0: SINGLE (Groundball, 34S, EV 66.2 MPH) (infield hit)
|
|
Batting: RHB Dermott Kennelly
|
0-0: Called Strike 0-1: Ball 1-1: Swinging Strike 1-2: Ball 2-2: Ball 3-2: Base on Balls Luis Verduzco to second
|
|
Batting: RHB John Downing
|
0-0: Foul Ball, location: 2F 0-1: Swinging Strike 0-2: DOUBLE (Line Drive, 78D, EV 106.2 MPH) Luis Verduzco scores Dermott Kennelly to third Runner from 3rd tries for Home, throw by CF and OUT! 8-2
|
| Top of the 6th over - 1 run, 2 hits, 0 errors, 1 left on base; Bowling Green 1 - Burlington 3 |
| BOTTOM OF THE 6TH |
|
Burlington Bees batting - Pitching for Bowling Green Hot Rods : LHP Eduardo Lopez
|
|
Batting: RHB Peter Westover
|
0-0: Ball 1-0: Ball 2-0: Foul Ball, location: 2F 2-1: Swinging Strike 2-2: SINGLE (Groundball, 56D, EV 94.4 MPH)
|
|
Batting: SHB David Vigo
|
0-0: Called Strike Peter Westover steals 2nd, throwing error, E2 Peter Westover to third 0-1: Ball 1-1: Ball 2-1: Swinging Strike 2-2: Fly out, F8 (Flyball, 8LM, EV 80.6 MPH) Runner from 3rd tags up, SCORES, no throw by CF
|
|
Batting: RHB Dan Myers
|
0-0: Fly out, F7 (Line Drive, 7D, EV 108.8 MPH)
|
|
Batting: RHB Rory Cobb
|
0-0: Ball 1-0: Ball 2-0: SINGLE (Groundball, 34S, EV 70.0 MPH) (infield hit)
|
|
Pitching: RHP Mike Oliver
|
|
|
Batting: RHB Ivan Barrientos
|
0-0: Ball Rory Cobb is caught stealing 2nd base 2-4
|
| Bottom of the 6th over - 1 run, 2 hits, 1 error, 0 left on base; Bowling Green 1 - Burlington 4 |
| TOP OF THE 7TH |
|
Bowling Green Hot Rods batting - Pitching for Burlington Bees : RHP Jon Trujillo
|
|
Batting: RHB Tim Dower
|
0-0: Called Strike 0-1: Ball 1-1: Swinging Strike 1-2: Ball 2-2: Strikes out looking
|
|
Batting: RHB Jim Erdody
|
0-0: Ball 1-0: Fly out, F5 (Line Drive, 56, EV 67.5 MPH)
|
|
Batting: LHB Angel Ruvalcaba
|
0-0: Called Strike 0-1: Ground out 6-3 (Groundball, 6M, EV 85.6 MPH)
|
| Top of the 7th over - 0 runs, 0 hits, 0 errors, 0 left on base; Bowling Green 1 - Burlington 4 |
| BOTTOM OF THE 7TH |
|
Burlington Bees batting - Pitching for Bowling Green Hot Rods : RHP Mike Oliver
|
|
Batting: RHB Ivan Barrientos
|
0-0: Ball 1-0: Ground out 6-3 (Groundball, 6, EV 104.4 MPH)
|
|
Batting: RHB Scott Webb
|
0-0: Ball 1-0: Ball 2-0: Ball 3-0: Base on Balls
|
|
Batting: LHB Pavla Markianov
|
0-0: Called Strike Scott Webb steals 2nd base 0-1: Called Strike 0-2: Foul Ball, location: 2F 0-2: Ball 1-2: 2-RUN HOME RUN (Flyball, 9LD, EV 95.0 MPH), Distance : 336 ft
|
|
Batting: SHB Danny Gelinas
|
0-0: SOLO HOME RUN (Flyball, 89XD, EV 102.5 MPH), Distance : 410 ft
|
|
Pitching: RHP Josh O'Neal
|
|
|
Batting: LHB Ramon Garduno
|
0-0: Called Strike 0-1: Ball 1-1: Ball 2-1: Foul Ball, location: 2F 2-2: Foul Ball, location: 2F 2-2: Fly out, F7 (Flyball, 7LS, EV 96.2 MPH)
|
|
Batting: RHB Peter Westover
|
0-0: SINGLE (Groundball, 56D, EV 110.0 MPH)
|
|
Batting: SHB David Vigo
|
0-0: Ball 1-0: Ball Peter Westover steals 2nd base 2-0: Ball 3-0: Called Strike 3-1: Foul Ball, location: 2F 3-2: Base on Balls
|
|
Batting: RHB Dan Myers
|
0-0: Ball 1-0: Fielders Choice at 2nd, 5-4 (Groundball, 56, EV 92.5 MPH)
|
| Bottom of the 7th over - 3 runs, 3 hits, 0 errors, 2 left on base; Bowling Green 1 - Burlington 7 |
| TOP OF THE 8TH |
|
Bowling Green Hot Rods batting - Pitching for Burlington Bees : RHP Jon Trujillo
|
|
Batting: RHB Dave Valdez
|
0-0: Called Strike 0-1: Ball 1-1: Foul Ball, location: 2F 1-2: Strikes out swinging
|
|
Batting: LHB Eduardo Lopez
|
0-0: Called Strike 0-1: Ball 1-1: SINGLE (Groundball, 4S, EV 65.0 MPH) (infield hit)
|
|
Batting: LHB Sean Banks
|
0-0: Called Strike 0-1: Fly out, F8 (Flyball, 78XD, EV 90.0 MPH)
|
|
Pitching: RHP Chris Adams
|
|
|
Batting: SHB Luis Verduzco
|
0-0: Ball 1-0: 2-RUN HOME RUN (Flyball, 89XD, EV 96.2 MPH), Distance : 382 ft
|
|
Batting: RHB Dermott Kennelly
|
0-0: Ball 1-0: Foul Ball, location: 2F 1-1: Foul Ball, location: 2F 1-2: SOLO HOME RUN (Flyball, 7D, EV 105.0 MPH), Distance : 376 ft
|
|
Batting: RHB John Downing
|
0-0: Ball 1-0: Called Strike 1-1: Foul Ball, location: 2F 1-2: Foul Ball, location: 2F 1-2: Ground out 5-3 (Groundball, 56, EV 103.8 MPH)
|
| Top of the 8th over - 3 runs, 3 hits, 0 errors, 0 left on base; Bowling Green 4 - Burlington 7 |
| BOTTOM OF THE 8TH |
|
Burlington Bees batting - Pitching for Bowling Green Hot Rods : RHP Josh O'Neal
|
|
Batting: RHB Rory Cobb
|
0-0: Foul Ball, location: 2F 0-1: Called Strike 0-2: Strikes out swinging
|
|
Batting: RHB Ivan Barrientos
|
0-0: Ball 1-0: Fly out, F8 (Flyball, 8RM, EV 94.4 MPH)
|
|
Batting: RHB Scott Webb
|
0-0: Ball 1-0: Foul Ball, location: 2F 1-1: Foul Ball, location: 2F 1-2: Ball 2-2: Ball 3-2: Base on Balls
|
|
Batting: LHB Pavla Markianov
|
0-0: Ball Scott Webb steals 2nd base 1-0: Ball 2-0: Called Strike 2-1: Ground out 4-3 (Groundball, 4M, EV 83.1 MPH)
|
| Bottom of the 8th over - 0 runs, 0 hits, 0 errors, 1 left on base; Bowling Green 4 - Burlington 7 |
| TOP OF THE 9TH |
|
Bowling Green Hot Rods batting - Pitching for Burlington Bees : RHP Chris Adams
|
|
Pitching: RHP Simon Vogel
|
|
|
Now at 2B: Tim Connell
|
|
|
Batting: RHB Tim Dower
|
0-0: Foul Ball, location: 2F 0-1: Foul Ball, location: 2F 0-2: Ball 1-2: Fly out, F8 (Flyball, 8RS, EV 90.6 MPH)
|
|
Batting: RHB Jim Erdody
|
0-0: Called Strike 0-1: Called Strike 0-2: Ball 1-2: Strikes out swinging
|
|
Batting: LHB Angel Ruvalcaba
|
0-0: Ball 1-0: Ball 2-0: Ball 3-0: Called Strike 3-1: Ground out U3 (Groundball, 3, EV 81.9 MPH)
|
| Top of the 9th over - 0 runs, 0 hits, 0 errors, 0 left on base; Bowling Green 4 - Burlington 7 |
|